 Dungeon Crawl Stone Soup version 0.29-a0-194-g6e3aafee17 (webtiles) character file.

Game seed: 699397512176487192

89 enile the Sneak (level 4, -4/31 HPs)
             Began as an Octopode Brigand on Feb 23, 2022.
             Was an Initiate of Ashenzari.
             Slain by an ancient zyme (9 damage)
             ... created by the touch of Lugonu
             ... on level 3 of the Dungeon.
             The game lasted 00:11:59 (2793 turns).

enile the Sneak (Octopode Brigand)                  Turns: 2793, Time: 00:11:59

Health: -4/31      AC:  1    Str: 10    XL:     4   Next: 55%
Magic:  0/4        EV: 14    Int: 13    God:    Ashenzari [......]
Gold:   79         SH:  0    Dex: 15    Spells: 3/3 levels left

rFire   + . .      SeeInvis +   l - +2 dagger (protect)
rCold   + . .      Faith    .   (no shield)
rNeg    . . .      Spirit   +   (helmet restricted)
rPois   .          Reflect  .   n - amulet of guardian spirit
rElec   .          Harm     .   e - ring of see invisible
rCorr   .          Rampage  .   i - ring of protection from cold
Will    .....                   j - ring "Limitation of Ashenzari" {rF+, Range, Alch} (curse)
Stlth   ++++......              (no ring)
HPRegen 0.00/turn               (no ring)
MPRegen 0.09/turn               (no ring)
                                (no ring)
                                (no ring)

@: sick
A: almost no armour, amphibious, 8 rings, camouflage 1, gelatinous body 1,
(nimble swimmer 1), tentacles
a: Renounce Religion, Shatter the Chains


You were on level 3 of the Dungeon.
You worshipped Ashenzari.
Ashenzari was noncommittal.
You visited 1 branch of the dungeon, and saw 3 of its levels.

You collected 79 gold pieces.

Inventory:

Hand Weapons
 a - a +2 dagger
 g - a +0 short sword
 l - a +2 dagger of protection (weapon)
Missiles
 b - 8 poisoned darts
 c - 6 curare-tipped darts (quivered)
Jewellery
 e - a ring of see invisible (left tentacle)
 i - a ring of protection from cold (right tentacle)
 j - the cursed ring "Limitation of Ashenzari" (on tentacle) {rF+, Range, Alch}
   (You found it on level 2 of the Dungeon)

   [ring of protection from fire]

   rF:        It protects you from fire.
   It has a curse which improves the following skills: Ranged Combat: Slings,
   Bows, Crossbows and Throwing.
   Alchemy:   Poison Magic and Transmutations.
 n - an amulet of guardian spirit (around mantle)
Wands
 p - a wand of iceblast (8)
Scrolls
 d - 2 scrolls of teleportation {unknown}
 f - a scroll of identify {unknown}
 h - a scroll of holy word {unknown}
 m - a scroll of torment {unknown}
Potions
 k - a potion of curing {unknown}
 o - a potion of attraction {unknown}
 q - 2 potions of degeneration {unknown}
 r - a potion of lignification


   Skills:
 - Level 3.0 Fighting
 - Level 2.1 Short Blades
 - Level 2.1(2.4) Throwing
 + Level 2.8 Dodging
 - Level 6.0 Stealth


You had 3 spell levels left.
You didn't know any spells.
Your spell library contained the following spells:

 Spells                   Type           Power      Damage    Failure   Level
 Beastly Appendage        Tmut           0%         N/A       30%         1
 Sting                    Tmut/Pois      0%         1d3       30%         1
 Poisonous Vapours        Pois/Air       0%         N/A       43%         2
 Wereblood                Tmut           0%         N/A       43%         2
 Spider Form              Tmut/Pois      0%         N/A       67%         3
 Olgreb's Toxic Radiance  Pois           0%         N/A       97%         4


Dungeon Overview and Level Annotations

Branches:
Dungeon (3/15)

Altars:
Ashenzari
Lugonu

Annotations:
D:3 2 transporters, DrKleor's ghost, amateur DsFi; Terence


Innate Abilities, Weirdness & Mutations

You cannot wear most types of armour.
You are amphibious.
You can wear up to eight rings at the same time.
Your skin changes colour to match your surroundings (Stealth+).
Your rubbery body absorbs attacks. (AC +1, EV +1)
((You are camouflaged when in or above water. (Stealth+)))
You have tentacles for arms and can constrict up to eight enemies at once.


Message History

You kill the hobgoblin!
No target in view!
No target in view!
You see here a hobgoblin corpse.
q - 2 purple potions
Found a stone staircase leading up.
Found a potion of lignification.
Lugonu sends minions to punish you.
An ancient zyme comes into view.
An ancient zyme is nearby!
You feel yourself growing ill in the presence of the ancient zyme.
Found a stone staircase leading down.
You see here a potion of lignification.
r - a potion of lignification You feel ill.
The ancient zyme closely misses you. The ancient zyme hits you!
Press: ? - help, v - describe, . - travel
Here: an ancient zyme (durably summoned)
The floor.
Press: ? - help, v - describe, . - travel
Here: an ancient zyme (durably summoned)
The floor.
The ancient zyme hits you. The ancient zyme hits you!
* * * LOW HITPOINT WARNING * * *
Press: ? - help, v - describe, . - travel
Here: an ancient zyme (durably summoned)
The floor.
You feel ill.
You feel ill.
You feel ill.
You feel ill.
You see here a bat corpse.
You feel ill.
You feel ill.
You feel ill.
You feel ill.
There is a stone staircase leading up here.
Okay, then.
The ancient zyme barely misses you. The ancient zyme hits you!
You die...

#...######.##.##.######..###.
##..##.. ..##...##.....##..##.
##..##.# #.##.....##.###.##..#.
###..##.# #.##....#..##.###.##...
#...##.. .##..#####..##.....##..
#..##.######......##...######.##.
.........†...#.##.##.#.....).....
.#......†............####....##.#
.##########....x@#........##....#
.# #....#.....#######.#### .#
###...................... .#
##......#.#.##.....####### .#
#..#......#.##............ .#
#.##......#.#..#######.... .#
#.####..#.#...## #. .#######.#
#.##.##..## ## .#..##...##
#.##...#..### #


You could see an ancient zyme.

Vanquished Creatures
  3 adders (D:2)
  2 worms (D:3)
  A dart slug (D:2)
  8 bats
  3 endoplasms
  3 giant cockroaches
  7 goblins
  5 hobgoblins
  4 quokkas
  4 ball pythons
  3 frilled lizards
  7 kobolds
  2 rats
52 creatures vanquished.

Vanquished Creatures (others)
  6 plants (D:3)
6 creatures vanquished.

Grand Total: 58 creatures vanquished

Notes
Turn   | Place    | Note
-------+----------+-------------------------------------------
     0 | D:1      | enile the Octopode Brigand began the quest for the Orb.
     0 | D:1      | Reached XP level 1. HP: 14/14 MP: 1/1
   142 | D:1      | Reached XP level 2. HP: 18/19 MP: 2/2
   533 | D:1      | Found a faded altar of an unknown god.
   604 | D:1      | Prayed at the altar of an unknown god.
   604 | D:1      | Became a worshipper of Lugonu the Unformed
   604 | D:1      | Reached * piety under Lugonu
   604 | D:1      | Reached ** piety under Lugonu
  1108 | D:2      | Reached XP level 3. HP: 26/26 MP: 3/3
  1421 | D:2      | Reached skill level 6 in Stealth
  1421 | D:2      | Found a broken altar of Ashenzari.
  1430 | D:2      | Fell from the grace of Lugonu
  1430 | D:2      | Became a worshipper of Ashenzari the Shackled
  1774 | D:2      | Reached XP level 4. HP: 15/31 MP: 4/4
  2459 | D:3      | Noticed a small abomination
  2462 | D:3      | Found a transporter.
  2470 | D:3      | Noticed DrKleor's ghost (amateur DsFi)
  2470 | D:3      | Noticed Terence
  2511 | D:3      | Found a transporter.
  2534 | D:3      | Identified the +3 spear "enile's Death" {elec, *Rage rN+++
                  | Dex+7 SInv}
  2757 | D:3      | Noticed an ancient zyme
  2793 | D:3      | Slain by an ancient zyme

Illustrated notes

Levels and vault maps discovered:
D:1:      dpeg_arrival_connections, layout_basic,
          hellmonk_ecumenical_altar_crossroads
D:2:      layout_basic, basic_altar, nrook_uturn
D:3:      layout_rooms, gammafunk_ghost_gnarly_gnolls, minmay_parallelograms,
          uniq_terence

Skill      XL: |  1  2  3 |
---------------+----------+-----
Fighting       | 3 |  3.0
Stealth        | 6 |  6.0
Dodging        | 2 |  2.8
Short Blades   | |  2.1
Throwing       | |  2.1

Action                   |  1- 3 |  4- 6 || total
-------------------------+-------+-------++-------
Melee: Dagger            |    61 |    31 ||    92
       Constrict         |    12 |     4 ||    16
       Tentacles         |     9 |     4 ||    13
Throw: Dart              |     6 |       ||     6
Invok: Bend Space        |     1 |       ||     1
       Curse Item        |       |     1 ||     1
  Use: Potion            |     2 |       ||     2
 Stab: Sleeping          |    11 |     8 ||    19
Armor: Skin              |    14 |    10 ||    24
Dodge: Dodged            |    29 |    14 ||    43

Table legend: (Time is in decaauts)
 A = Elapsed time spent in this place.
 B = Non-inter-level travel time spent in this place.
 C = Inter-level travel time spent in this place.
 D = Time resting spent in this place.
 E = Time spent auto-exploring this place.
 F = Levels seen in this place.
 G = Mean time per level.
                   A        B        C        D        E       F      G
               +--------+--------+--------+--------+--------+-----+--------+
         Total |   2779 |   2750 |     29 |    209 |   1531 |   3 |  926.3 |
       Dungeon |   2779 |   2750 |     29 |    209 |   1531 |   3 |  926.3 |
               +--------+--------+--------+--------+--------+-----+--------+

Top non-repeatable levels by time:
     D:2: 1316 daAuts
     D:1: 1075 daAuts
     D:3: 387 daAuts
